AoeStats
← CeramicGoose42

MegaRandom

510699279Analyzed
4v4 RM · 22h ago on Oct 2, 2026· 35m 53s· 8 players
Game mode
Random Map
Map size
Large (8 player)
Population
200
Speed
Normal
Resources
Standard
Victory
Conquest
Starting age
Dark Age
Ending age
Imperial Age
RankedLock teamsTeams togetherTeam positionsShared explorationLock speedFull tech treeHidden civsTurbo modeCheats
Victory
Defeat
🇨🇳 Mongols · China
927
+11
🇳🇮 Burgundians · Nicaragua
927
+11
🇳🇱 Varangians · Netherlands
918
+11
🇨🇳 Huns · China
871
+14
🇹🇷 Mongols · Türkiye
821
-12
🇷🇴 Gurjaras · Romania
810
-12
🇨🇿 Magyars · Czechia
810
-12
🇸🇬 Huns · Singapore
808
-11
spajkymc
3:20 Loom
9:23 Feudal Age
12:02 Double-Bit Axe
13:57 Man-at-Arms
15:04 Scale Barding Armor
19:02 Horse Collar
25:14 Castle Age
25:56 Light Cavalry
27:47 Bow Saw
31:06 Chain Barding Armor
31:53 Wheelbarrow
34:11 Bloodlines
Malatyalı44
9:05 Loom
12:53 Feudal Age
17:48 Castle Age
15:54 Horse Collar
16:17 Double-Bit Axe
16:59 Gold Mining
17:59 Pikeman
18:41 Squires
19:04 Bow Saw
21:15 Light Cavalry
24:53 Bloodlines
30:19 Wheelbarrow
30:11 Husbandry
CeramicGoose42
6:00 Loom
11:45 Feudal Age
12:12 Double-Bit Axe
12:23 Horse Collar
14:14 Town Watch
15:04 Wheelbarrow
14:49 Forging
17:07 Bloodlines
19:53 Gold Mining
24:04 Castle Age
25:03 Hand Cart
24:49 Town Patrol
25:15 Husbandry
26:23 Iron Casting
25:54 Scale Barding Armor
26:26 Heavy Plow
32:02 Light Cavalry
Soldaris
4:50 Loom
8:46 Feudal Age
10:20 Wheelbarrow
10:43 Horse Collar
17:53 Castle Age
18:21 Double-Bit Axe
19:00 Heavy Plow
18:24 Pikeman
22:12 Fletching
25:16 Hand Cart
30:16 Murder Holes
34:04 Elite Skirmisher
PJ1993
4:25 Loom
10:59 Feudal Age
11:10 Man-at-Arms
12:42 Scale Mail Armor
12:52 Forging
15:39 Double-Bit Axe
20:26 Castle Age
19:34 Scale Barding Armor
20:51 Bloodlines
22:00 Husbandry
25:22 Chain Barding Armor
32:44 Iron Casting
34:15 Arson
34:30 Squires
35:30 Pikeman
Nic94-Necrophos-Papo
4:58 Double-Bit Axe
5:10 Loom
7:57 Horse Collar
11:42 Feudal Age
11:16 Wheelbarrow
14:05 Bow Saw
15:01 Heavy Plow
16:26 Forging
21:03 Castle Age
20:27 Scale Barding Armor
21:13 Light Cavalry
21:55 Husbandry
22:16 Hand Cart
22:36 Crop Rotation
23:16 Two-Man Saw
27:38 Town Watch
32:56 Pikeman
yuankkun
13:54 Feudal Age
12:36 Loom
15:16 Town Watch
15:21 Double-Bit Axe
15:23 Horse Collar
16:35 Scale Barding Armor
18:49 Castle Age
21:33 Chain Barding Armor
21:55 Husbandry
22:21 Bow Saw
25:19 Pikeman
25:59 Squires
25:27 Light Cavalry
26:17 Bloodlines
27:17 Arson
28:23 Bloodlines
30:52 Scale Mail Armor
31:03 Forging
34:38 Iron Casting
34:18 Chain Mail Armor
36:00 Heavy Plow
541683
11:25 Feudal Age
14:15 Double-Bit Axe
18:39 Castle Age
17:09 Horse Collar
18:03 Fletching
18:05 Gold Mining
21:50 Crossbowman
24:28 Wheelbarrow
25:37 Loom
27:05 Bodkin Arrow
28:05 Thumb Ring
Connection lost

Rejoining the realm…

Still unreachable

The connection could not be restored.

Session expired

The server has moved on; the page needs a fresh start.